 Dungeon Crawl Stone Soup version 0.31-a0-237-g2d982f9f85 (webtiles) character file.

Game seed: 919368300205572339

130 qw the Shooter (level 5, -1/30 HPs)
             Began as a Gargoyle Hexslinger on July 11, 2023.
             Slain by Pikel
             ... wielding a +1 whip of freezing
              (3 damage)
             ... on level 4 of the Dungeon.
             The game lasted 00:00:57 (2583 turns).

qw the Shooter (Gargoyle Hexslinger)                Turns: 2583, Time: 00:00:58

Health: -1/30      AC: 10    Str: 12    XL:     5   Next: 14%
Magic:  6/6        EV: 10    Int: 13    God:
Gold:   179        SH:  0    Dex: 14    Spells: 5/6 levels left

rFire   . . .        Y - +1 sling
rCold   . . .        (no shield)
rNeg    + . .        d - +0 ring mail
rPois   inf          (no helmet)
rElec   +            (no cloak)
rCorr   .            (no gloves)
SInv    .            e - +0 pair of boots
Will    .....        l - amulet of the acrobat
Stlth   +            (no ring)
HPRegen 0.25/turn    (no ring)
MPRegen 0.10/turn

%: acrobat
@: no status effects
A: sickness immunity, AC +4, negative energy resistance 1, electricity
resistance, torment resistance 1, petrification resistance
a: no special abilities


You were on level 4 of the Dungeon.
You visited 1 branch of the dungeon, and saw 4 of its levels.

You collected 179 gold pieces.


Innate Abilities, Weirdness & Mutations

You are immune to sickness and miasma.
Your stone body is resilient. (AC +4)
You are immune to poison.
You resist negative energy. (rN+)
You are resistant to electric shocks. (rElec)
You are resistant to unholy torment.
You are immune to petrification.


   Skills:
 - Level 2.0 Fighting
 - Level 4.9 Ranged Weapons
 + Level 0.0 Armour
 - Level 1.5 Dodging
 - Level 1.0 Spellcasting
 - Level 2.6 Hexes


You had 5 spell levels left.
You knew the following spells:

 Your Spells              Type           Power      Damage    Failure   Level
a - Slow                  Hex            28%        N/A       22%         1

Your spell library contained the following spells:

 Spells                   Type           Power      Damage    Failure   Level
 Inner Flame              Hex/Fire       4%         N/A       73%         3
 Portal Projectile        Hex/Tloc       8%         N/A       73%         3
 Cause Fear               Hex            3%         N/A       91%         4

Inventory:

Hand Weapons
 Y - a +1 sling (weapon)
Armour
 d - a +0 ring mail (worn)
 e - a +0 pair of boots (worn)
Jewellery
 l - an amulet of the acrobat (around neck)
Potions
 a - a potion of curing {unknown}
 b - a potion of lignification {unknown}
 c - a potion of might {unknown}
 h - a potion of mutation {unknown}
 i - a potion of haste
 j - a potion of cancellation {unknown}

Dungeon Overview and Level Annotations

Branches:
Dungeon (4/15)
 Temple: D:4-7

Altars:

Shops:
D:1 (

Annotations:
D:4 Pikel


Message History

The lemure is moderately wounded.
You shoot a sling bullet.
The sling bullet hits the lemure but does no damage.
The lemure is moderately wounded.
You shoot a sling bullet.
The sling bullet closely misses the lemure.
The sling bullet hits Pikel but does no damage.
The lemure hits you but does no damage.
A lemure comes into view.
You shoot a sling bullet. The sling bullet hits Pikel.
Pikel is lightly wounded.
Pikel hits you with a +1 whip of freezing.
Pikel freezes you.
You shoot a sling bullet. The sling bullet barely misses Pikel.
The sling bullet hits the goblin.
The goblin is heavily wounded.
Pikel hits you with a +1 whip of freezing.
Pikel freezes you.
You shoot a sling bullet.
The sling bullet completely misses Pikel.
The sling bullet barely misses the goblin.
Pikel hits you with a +1 whip of freezing.
Pikel freezes you.
Pikel hits you with a +1 whip of freezing.
Pikel freezes you.
You shoot a sling bullet. The sling bullet barely misses Pikel.
The sling bullet hits the lemure.
The lemure is lightly wounded.
Pikel barely misses you.
You shoot a sling bullet. The sling bullet barely misses Pikel.
The sling bullet hits the lemure.
The lemure is moderately wounded.
Pikel closely misses you.
You shoot a sling bullet.
The sling bullet hits Pikel but does no damage.
Pikel is lightly wounded.
A lemure comes into view.
Pikel hits you with a +1 whip of freezing!
Pikel freezes you.
You die...

... ... .
#(. 5.
#.. ###.
##..#5g.
#..#55#
##..#K#
#...@<#
#......##
#..#####
#.


You could see Pikel, 4 lemures and a goblin.

Vanquished Creatures
  An iguana (D:3)
  3 adders (D:2)
  A worm (D:3)
  4 dart slugs
  3 orcs (D:3)
  6 bats
  5 endoplasms
  3 giant cockroaches
  4 hobgoblins
  3 kobolds (D:3)
  4 quokkas (D:1)
  7 ball pythons
  3 frilled lizards
  7 goblins
  9 rats
63 creatures vanquished.

Notes
Turn   | Place    | Note
-------+----------+-------------------------------------------
     0 | D:1      | qw the Gargoyle Hexslinger began the quest for the Orb.
     0 | D:1      | Reached XP level 1. HP: 12/12 MP: 2/2
     0 | D:1      | 0 ||| qw: Version: 0.3-a-52-g30416fa
     0 | D:1      | 0 ||| qw: Game counter: 5646
     0 | D:1      | 0 ||| qw: Melee chars always use a shield: true
     0 | D:1      | 0 ||| qw: God list: Okawaru
     0 | D:1      | 0 ||| qw: Allow faded altars: false
     0 | D:1      | 0 ||| qw: Do Orc after clearing Dungeon:15 true
     0 | D:1      | 0 ||| qw: Do second Lair branch before Depths: true
     0 | D:1      | 0 ||| qw: Lair rune preference: random
     0 | D:1      | 0 ||| qw: Goals: Normal
     0 | D:1      | 0 ||| PLANNING D:1-11
   103 | D:1      | Reached XP level 2. HP: 16/16 MP: 3/3
   130 | D:1      | Reached skill level 3 in Ranged Weapons
   374 | D:1      | Reached XP level 3. HP: 21/21 MP: 4/4
   460 | D:1      | Found Keffoef's Weapon Emporium.
   820 | D:1      | 820 ||| UPGRADING to +0 leather armour.
   830 | D:1      | 830 ||| DROPPING +0 robe.
   831 | D:1      | 831 ||| READING scroll labelled UZXUCU DAUREKHLO.
   832 | D:1      | 832 ||| READING scroll labelled PIYZXE KIARUB.
   833 | D:1      | 833 ||| DROPPING scroll of poison.
  1219 | D:2      | 1219 ||| Stepping ~*~*~tactically~*~*~ (outnumbered).
  1245 | D:2      | Reached XP level 4. HP: 18/26 MP: 5/5
  1283 | D:2      | Reached skill level 4 in Ranged Weapons
  1681 | D:2      | 1681 ||| UPGRADING to +0 pair of boots.
  1686 | D:2      | 1686 ||| DRINKING 2 smoky coppery potions.
  1809 | D:3      | HP: 4/26 [iguana (10)]
  1810 | D:3      | 1810 ||| DRINKING potion of heal wounds.
  2121 | D:3      | Reached XP level 5. HP: 30/30 MP: 6/6
  2483 | D:3      | 2483 ||| UPGRADING to +0 ring mail.
  2493 | D:3      | 2493 ||| DROPPING +0 leather armour.
  2494 | D:3      | 2494 ||| UPGRADING to amulet of the acrobat.
  2499 | D:3      | 2499 ||| READING scroll labelled TOMIOXZAPTA.
  2502 | D:3      | 2502 ||| DRINKING 2 metallic cyan potions.
  2503 | D:3      | 2503 ||| DRINKING 2 murky amethyst potions.
  2504 | D:3      | 2504 ||| DROPPING potion of attraction.
  2573 | D:4      | Noticed a lemure
  2573 | D:4      | Noticed a lemure
  2574 | D:4      | Noticed Pikel
  2577 | D:4      | Noticed a lemure
  2583 | D:4      | Noticed a lemure
  2583 | D:4      | HP: 2/30 [Pikel/+1 whip of freezing (7)]
  2583 | D:4      | Slain by Pikel

Levels and vault maps discovered:
D:1:      dpeg_arrival_circle_labyrinth_c, layout_basic, serial_shops,
          nicolae_shop_tiny_real_fake_doors, minmay_tall_x
D:2:      layout_loops_ring, minmay_tetromino_t4
D:3:      wad_river_or_something, layout_basic
D:4:      layout_layer_cave, zin_statuary, dreamdust_wishing_well,
          dk_vineyard_1, uniq_pikel, uniq_crazy_yiuf_cottage

Skill      XL: |  1  2  3  4 |
---------------+-------------+-----
Ranged Weapons | 3 4 |  4.9
Fighting       | 2 |  2.0
Dodging        | |  1.5
Spellcasting   | |  1.0
Hexes          | |  2.6

Action                     |  1- 3 |  4- 6 || total
---------------------------+-------+-------++-------
   Fire: Sling             |   129 |   113 ||   242
    Use: Scroll            |     2 |     1 ||     3
         Potion            |       |     4 ||     4
 Armour: Robe              |    20 |       ||    20
         Leather armour    |    39 |    13 ||    52
         Ring mail         |       |     1 ||     1
  Dodge: Dodged            |    76 |    26 ||   102

Table legend:
 A = Non-vault XP
 B = Vault XP
 C = Vault XP percentage of total XP
 D = Non-vault monster count
 E = Vault monster count
 F = Vault count percentage of total count
                 A         B        C        D         E       F
            +---------+---------+-------+---------+---------+-------
      Total |     157 |      30 |  16.0 |      48 |      15 |  23.8
            +---------+---------+-------+---------+---------+-------
        D:1 |      33 |       5 |  13.2 |      17 |       4 |  19.0
        D:2 |      59 |       5 |   7.8 |      15 |       2 |  11.8
        D:3 |      65 |      20 |  23.5 |      16 |       9 |  36.0
            +---------+---------+-------+---------+---------+-------
